 Dungeon Crawl Stone Soup version bcrawl-1.41 (webtiles) character file.

Game seed: 8015156513870806274

25907622 Artagas the Warrior (level 17, -4/119 HPs)
             Began as a Mana Stalker Monk on Apr 9, 2024.
             Was a High Priest of Wu Jian.
             Killed by divine providence
             ... invoked by Saint Roka
              (10 damage)
             ... on level 3 of the Snake Pit on Apr 10, 2024.
             The game lasted 01:10:09 (10196 turns).

Artagas the Warrior (Mana Stalker Monk)            Turns: 10196, Time: 01:10:09

Health: -4/119     AC: 20    Str: 19    XL:     17   Next: 37%
Magic:  0/21       EV:  9    Int: 10    God:    Wu Jian [*****.]
Gold:   642        SH:  6    Dex: 19    Spells: 16/16 levels left

rFire    + . .     GDR:     36% b - +6 double sword (holy)
rCold    x . .     SeeInvis .   (no shield)
rNeg     . . .     Gourm    .   T - +3 plate armour
rPois    +         Faith    .   c - +0 hat
rElec    +         Spirit   +   p - +1 cloak
rCorr    .         Reflect  .   j - +0 pair of gloves
MR       ++++.                  (no boots)
Stlth    ..........             k - amulet of guardian spirit
HPRegen  0.69/turn              o - ring of poison resistance
MPRegen  0.17/turn              B - ring of Tofuaf {Fire rElec}

@: exhausted, glowing, drained, heavenly storm
A: fangs 3, magic resistance 3, regeneration 1, antimagic bite, no potion heal
3, rot immunity, strong jaws
}: 1/15 runes: gossamer
a: Wall Jump, Serpent's Lash, Heavenly Storm, Renounce Religion


You were on level 3 of the Snake Pit.
You worshipped Wu Jian.
Wu Jian was extremely pleased with you.
You were hungry.

You visited 4 branches of the dungeon, and saw 20 of its levels.

You collected 747 gold pieces.
You spent 105 gold pieces at shops.

Inventory:

Hand Weapons
 b - a +6 double sword of holy wrath (weapon)
   (You took it off Urug on level 4 of the Lair of Beasts)
Missiles
 s - 2 throwing nets {=f}
 F - 140 javelins (quivered)
Armour
 a - a +0 medium shield
   (You took it off a naga warrior on level 3 of the Snake Pit)
 c - a +0 hat (worn)
 j - a +0 pair of gloves (worn)
   (You found it on level 6 of the Lair of Beasts)
 p - a +1 cloak (worn)
   (You found it on level 2 of the Dungeon)
 T - a +3 plate armour (worn)
   (You found it on level 3 of the Lair of Beasts)
Jewellery
 f - an uncursed ring of protection from fire
   (You found it on level 1 of the Lair of Beasts)
 i - an uncursed amulet of regeneration
   (You found it on level 6 of the Lair of Beasts)
 k - an amulet of guardian spirit (around neck)
 o - a ring of poison resistance (left hand)
   (You found it on level 3 of the Dungeon)
 B - the ring of Tofuaf (right hand) {Fire rElec}
   (You found it on level 3 of the Dungeon)

   [ring of fire]

   It enhances your fire magic.
   It protects you from fire.
   It makes you vulnerable to cold.
   It insulates you from electricity.
 K - an uncursed amulet of magic regeneration
   (You took it off an orc on level 4 of the Dungeon)
Wands
 l - a wand of paralysis (4)
   (You found it on level 2 of the Dungeon)
 v - a wand of digging (17)
   (You found it on level 3 of the Dungeon)
 O - a wand of flame (13)
   (You found it on level 5 of the Dungeon)
 R - a wand of polymorph (9)
   (You found it on level 7 of the Dungeon)
Scrolls
 m - a scroll of revelation
 t - 6 scrolls of teleportation
 u - 4 scrolls of remove curse
 x - a scroll of vulnerability
 y - a scroll of fog
 A - 5 scrolls of immolation
 D - a scroll of noise
 E - 2 scrolls of fear
 M - a scroll of enchant armour
Potions
 d - a potion of might
 h - 3 potions of haste
 n - a potion of resistance
 q - 5 potions of curing
 w - a potion of heal wounds
 z - 2 potions of cancellation
 C - a potion of brilliance
 G - 3 potions of magic
 H - a potion of flight
 L - 2 potions of lignification
 N - 2 potions of mutation
Miscellaneous
 S - a phantom mirror
Comestibles
 e - 16 rations {!d}


   Skills:
 + Level 17.8(16.9) Fighting
   Level 4.2(10.8) Short Blades
 + Level 16.1(15.4) Long Blades
 - Level 9.0(8.2) Armour
 - Level 6.0(5.3) Dodging
 - Level 6.0(5.3) Stealth
 * Level 5.2(4.6) Shields
   Level 2.0(1.3) Invocations
 - Level 5.0(4.3) Evocations


You had 16 spell levels left.
You didn't know any spells.
Your spell library contained the following spells:

 Spells                   Type           Power        Failure   Level  Hunger
 Apportation              Tloc           #.....       100%        1    None
 Corona                   Hex            #......      100%        1    None
 Infusion                 Chrm           #.......     100%        1    None
 Sandblast                Erth           #.....       100%        1    None
 Slow                     Hex            #.......     100%        1    None
 Summon Butterflies       Summ           #.......     100%        1    None
 Searing Ray              Conj           #.......     100%        2    ####...
 Stone Arrow              Conj/Erth      #.....       100%        3    #####..
 Lightning Bolt           Conj/Air       #.......     100%        4    ######.
 Bolt of Magma            Conj/Fire/Erth #.........   100%        5    #######
 Bolt of Fire             Conj/Fire      #.........   100%        6    #######


Dungeon Overview and Level Annotations

Branches:
Dungeon (8/12)             Temple (0/1) D:6            Lair (6/6) D:8
  Snake (3/3) Lair:3       Spider (3/3) Lair:2       Forest (0/3) Lair:6
    Orc: D:8-11

Altars:
Gozag
Lugonu
Nemelex Xobeh
Trog
Wu Jian
Xom
Yredelemnul

Shops:
D:5 *   D:6 (

Portals:
Abyss: Lair:3 Lair:6

Annotations:
D:4 1 runed door
Lair:4 Snorg
Lair:6 exclusion: 4 oklob plants
Snake:3 Saint Roka
Spider:2 exclusion: orange crystal statue


Innate Abilities, Weirdness & Mutations

You have razor-sharp teeth.
You are extremely resistant to the effects of hostile enchantments. (MR+++)
Your natural rate of healing is unusually fast.
Your bite disrupts and absorbs the magic of your enemies.
Potions cannot restore your health.
You are immune to rotting.
Your bites deal extra damage.


Message History

The naga mage is severely wounded.
You feel sick. You block the naga mage's attack. The naga mage grabs you.
The naga mage constricts you.
There is an open door, spattered with blood here.
Things that are here:
a +2 mace of holy wrath; a +0 plate armour; an orc corpse You escape the naga mage's grasp.
You spin and attack the naga mage repeatedly.
You slash the naga mage!
You kill the naga mage!
The Council accepts your kill.
You start resting.
You feel sick. x5
You are no longer poisoned.
An orc priest comes into view.
The orc priest shouts!
The orc priest invokes the aid of Beogh against you.
Beogh smites you!
Saint Roka shouts!
There is an open door here.
An orc comes into view.
You hear a shout!
An orc comes into view. It is wielding a +0 whip.
Saint Roka calls down the wrath of Beogh upon you.
Beogh smites you!
An orc warrior comes into view. It is wielding a +0 scimitar.
An orc warrior comes into view. It is wielding a +0 glaive.
Saint Roka roars a battlecry!
The orcs go into a battle-frenzy!
An orc warrior comes into view. It is wielding a +0 dire flail.
The orc warrior shouts!
The air is filled with shimmering golden clouds!
Sifu Xiang Ba says: The storm will not cease as long as you keep fighting, disciple!
You hear a shout!
The orc priest invokes the aid of Beogh against you.
You resist with almost no effort.
You spin and attack the orc priest.
You slice the orc priest!!
You kill the orc priest!
The Council accepts your kill.
You spin and attack the orc repeatedly.
You slice the orc!!
You kill the orc!
The Council accepts your kill.
Your muscles tense, ready for explosive movement...
You spin and attack Saint Roka, with incredible momentum.
You slice Saint Roka!!
Saint Roka is lightly wounded.
You spin and attack the orc, with incredible momentum.
You are feeling hungry.
You slice the orc!!
You blow up the orc!
The Council accepts your kill.
You spin and attack Saint Roka, with incredible momentum.
You slash Saint Roka!
Saint Roka is lightly wounded.
You feel drained.
Your supernatural speed expires.
You spin and attack Saint Roka.
You slash Saint Roka! You bite Saint Roka! You drain his power.
You feel invigorated.
Saint Roka is moderately wounded.
Saint Roka calls down the wrath of Beogh upon you.
Beogh smites you!
You spin and attack Saint Roka.
You slash Saint Roka!
Saint Roka is moderately wounded.
You spin and attack the orc warrior.
You slash the orc warrior!
The orc warrior is heavily wounded.
The orc warrior hits you with a +0 scimitar!!
Saint Roka invokes the aid of Beogh against you.
Beogh smites you!
* * * LOW HITPOINT WARNING * * *
You spin and attack Saint Roka repeatedly.
You slice Saint Roka!!
Saint Roka is heavily wounded.
You slash Saint Roka!
Saint Roka is heavily wounded.
You spin and attack the orc warrior.
You slash the orc warrior!
The orc warrior is almost dead.
You block the orc warrior's attack.
Saint Roka hits you with a +3 battleaxe!!
* * * LOW HITPOINT WARNING * * *
You lunge at the orc warrior, in a flurry of attacks.
You slice the orc warrior!!
The orc warrior is severely wounded.
You slice the orc warrior!!
You kill the orc warrior!
The Council accepts your kill.
You spin and attack Saint Roka.
You slash Saint Roka!
Saint Roka is severely wounded.
You spin and attack the orc warrior repeatedly.
You slice the orc warrior!!
You kill the orc warrior!
The Council accepts your kill.
The orc warrior hits you from afar with a +0 glaive!
* * * LOW HITPOINT WARNING * * *
Okay, then.
You lunge at the orc warrior.
You slash the orc warrior!
The orc warrior is heavily wounded.
You spin and attack Saint Roka.
You slash Saint Roka!
Saint Roka is severely wounded.
Saint Roka says, "Down here, you're an orc or you're nobody."
Saint Roka mumbles some strange prayers to Beogh against you.
Beogh smites you!
You die...

.. ##..........# #.###
##..%........#
....###............#
#.#..##§.%.........#
.%..%.#☼...........#
#<#...§............# ########
..☼§°.§=[.....§§§☼☼# ###......#
#§#§°.§[......§§§§§#####.......%)
☼§§§°%§#))...○☼o@§§N..N.......).)
§§§)..°##....§§☼o§☼☼..........)%[
§.)...☼###...§☼§§☼§☼...........).
☼)).)%.# ##..§☼☼§§§######......##
§.)....# ##.§☼§#§§# ########
###'#### ###'##### #†# #.# #.#
#☼# ########.###.# #.#
#..........#.# ##


You could see Saint Roka and an orc warrior.

Vanquished Creatures
  Mara (Snake:3)
  Vashnia (Snake:2)
  Arachne (Spider:3)
  Kirke (Lair:5)
  6 nagarajas
  5 ghost moths (Spider:3)
  2 emperor scorpions (Spider:3)
  Aizul (Spider:2)
  2 entropy weavers
  3 spark wasps (Spider:3)
  Urug (Lair:4)
  10 naga warriors
  6 anacondas
  A catoblepas (Lair:5)
  A queen ant (Lair:4)
  5 death yaks (Lair:6)
  4 shock serpents
  3 thrashing horrors (Lair:6)
  8 naga sharpshooters
  A goliath frog (Lair:6)
  3 salamander mystics
  6 naga ritualists
  16 wolf spiders
  4 mana vipers
  11 orb spiders
  A wolf spider zombie (D:8)
  An orc sorcerer (Snake:3)
  10 naga magi
  2 ugly things (Lair:6)
  4 moths of wrath
  10 salamanders
  8 elephants
  3 guardian serpents
  21 black mambas
  2 smoke demons (Lair:6)
  5 cane toads
  2 torpor snails
  3 komodo dragons
  17 jumping spiders
  A rime drake (shapeshifter) (Lair:6)
  A komodo dragon (shapeshifter) (Lair:6)
  5 demonic crawlers
  8 polar bears
  A queen bee (Spider:2)
  2 ancient zymes (Lair:6)
  A large abomination (Lair:6)
  4 hornets (Spider:3)
  A hippogriff (shapeshifter) (Lair:6)
  Grum (Lair:3)
  5 hippogriffs
  15 blink frogs
  A spriggan (Lair:6)
  A ynoxinul (Lair:6)
  27 tarantellas
  5 basilisks
  19 yaks
  6 hogs (Lair:5)
  2 hungry ghosts
  13 small abominations (Lair:6)
  27 redbacks
  2 chaos spawn (Lair:6)
  2 wargs (D:8)
  5 crocodiles
  41 nagas
  8 water moccasins
  5 porcupines
  2 sky beasts (D:7)
  4 soldier ants (Lair:4)
  6 orc warriors
  3 ice beasts
  8 black bears
  14 wolves
  A necrophage (D:6)
  2 ogres (D:6)
  6 bullfrogs
  A centaur (D:5)
  2 scorpions
  10 killer bees (Spider:2)
  4 wights (D:6)
  3 electric eels
  3 howler monkeys
  4 orc priests
  3 bullfrog zombies
  5 crimson imps
  6 hounds
  10 orc wizards
  2 gnoll shamans (D:5)
  2 bullfrog skeletons (D:5)
  2 iguanas
  26 worker ants
  A hound skeleton (D:2)
  A howler monkey zombie (D:7)
  A howler monkey skeleton (D:7)
  11 gnolls (D:5)
  9 adders
  A shadow imp (D:5)
  An ooze (D:4)
  2 adder skeletons
  An adder zombie (D:6)
  8 worms
  3 dart slugs
  4 leopard geckos
  26 orcs
  2 ball pythons
  4 giant cockroaches
  6 goblins
  4 hobgoblins (D:1)
  11 jackals
  4 quokkas
  5 bats (D:1)
  5 frilled lizards
  3 kobolds
  5 rats
  A lurking horror (Lair:3)
649 creatures vanquished.

Vanquished Creatures (others)
  A naga mage (Snake:3)
  A hound skeleton (D:6)
  An adder (D:6)
  4 fungi (Lair:6)
  16 plants
23 creatures vanquished.

Grand Total: 672 creatures vanquished

Notes
Turn   | Place    | Note
-------+----------+-------------------------------------------
     0 | D:1      | Artagas the Vine Stalker Monk began the quest for the Orb.
     0 | D:1      | Reached XP level 1. HP: 13/13 MP: 3/3
   388 | D:1      | Reached XP level 2. HP: 15/18 MP: 4/4
   562 | D:1      | Reached skill level 3 in Fighting
   602 | D:1      | Reached skill level 3 in Short Blades
   711 | D:1      | Reached XP level 3. HP: 23/23 MP: 5/5
   920 | D:2      | Reached skill level 4 in Stealth
  1009 | D:2      | Found an opulent altar of Gozag.
  1183 | D:2      | Reached XP level 4. HP: 21/28 MP: 3/6
  1946 | D:3      | Found an ornate altar of the Wu Jian Council.
  1969 | D:3      | Got a scintillating turquoise ring
  1974 | D:3      | Identified the ring of Tofuaf {Fire rElec} (You found it on
                  | level 3 of the Dungeon)
  2086 | D:3      | Became a worshipper of the Wu Jian Council
  2086 | D:3      | Reached * piety under Wu Jian
  2086 | D:3      | Reached ** piety under Wu Jian
  2188 | D:3      | Reached XP level 5. HP: 33/33 MP: 7/7
  2367 | D:3      | Reached skill level 5 in Stealth
  2551 | D:4      | Reached skill level 4 in Fighting
  2551 | D:4      | Reached skill level 4 in Short Blades
  2573 | D:4      | Noticed an ogre
  2647 | D:4      | Gained mutation: You have razor-sharp teeth. [Vine Stalker
                  | growth]
  2647 | D:4      | Reached XP level 6. HP: 33/38 MP: 8/8
  3102 | D:4      | Found a runed door.
  3102 | D:4      | Noticed a human
  3104 | D:4      | Found a basalt altar of Yredelemnul.
  3314 | D:4      | Reached skill level 6 in Stealth
  3390 | D:5      | Entered Level 5 of the Dungeon
  3390 | D:5      | Noticed a water moccasin
  3400 | D:5      | Reached skill level 1 in Long Blades
  3409 | D:4      | Killed a water moccasin
  3410 | D:4      | Reached skill level 2 in Long Blades
  3410 | D:4      | Reached XP level 7. HP: 19/44 MP: 4/9
  3449 | D:5      | Found Liuno's Assorted Antiques.
  3457 | D:5      | Bought a potion of curing for 60 gold pieces
  3457 | D:5      | Bought a brown potion for 21 gold pieces
  3457 | D:5      | Bought a scroll labeled ZAREXE DUVEQY for 24 gold pieces
  3497 | D:5      | Reached skill level 5 in Fighting
  3622 | D:5      | Reached skill level 3 in Long Blades
  3659 | D:5      | Gained mutation: Your bite disrupts and absorbs the magic
                  | of your enemies. [Mana Stalker growth]
  3659 | D:5      | Gained mutation: You are resistant to hostile enchantments.
                  | (MR+) [Mana Stalker growth]
  3659 | D:5      | Reached XP level 8. HP: 29/51 MP: 5/10
  3746 | D:5      | Reached skill level 6 in Fighting
  3880 | D:5      | Reached skill level 4 in Long Blades
  3939 | D:5      | Reached *** piety under Wu Jian
  4061 | D:5      | Found a sparkling altar of Nemelex Xobeh.
  4284 | D:6      | Reached skill level 5 in Long Blades
  4320 | D:6      | Reached skill level 7 in Fighting
  4424 | D:6      | Reached XP level 9. HP: 55/57 MP: 9/11
  4477 | D:6      | Found a shimmering altar of Xom.
  4514 | D:6      | Reached skill level 6 in Long Blades
  4761 | D:6      | Found Sedu's Weapon Shoppe.
  4798 | D:6      | Reached skill level 8 in Fighting
  5003 | D:6      | Reached skill level 7 in Long Blades
  5218 | D:6      | Found a staircase to the Ecumenical Temple.
  5480 | D:7      | Reached **** piety under Wu Jian
  5542 | D:7      | Reached skill level 9 in Fighting
  5703 | D:7      | Reached XP level 10. HP: 51/66 MP: 9/12
  5730 | D:7      | Reached skill level 8 in Long Blades
  5896 | D:8      | Found a staircase to the Lair.
  5968 | Lair:1   | Entered Level 1 of the Lair of Beasts
  5968 | Lair:1   | Noticed a black mamba
  5968 | Lair:1   | Noticed a black mamba
  5971 | Lair:1   | Killed a black mamba
  5981 | Lair:1   | Killed a black mamba
  5982 | Lair:1   | Reached skill level 1 in Armour
  6080 | Lair:1   | Reached skill level 4 in Dodging
  6110 | Lair:1   | Reached skill level 10 in Fighting
  6139 | Lair:1   | Reached skill level 9 in Long Blades
  6146 | Lair:1   | Reached skill level 2 in Armour
  6329 | Lair:1   | Reached skill level 5 in Dodging
  6336 | Lair:1   | Reached ***** piety under Wu Jian
  6337 | Lair:1   | Reached XP level 11. HP: 48/72 MP: 10/13
  6387 | Lair:2   | Reached skill level 3 in Armour
  6434 | Lair:3   | Noticed a four-headed hydra
  6449 | Lair:2   | Reached skill level 6 in Dodging
  6498 | Lair:2   | Found a hole to the Spider Nest.
  6577 | Lair:2   | Identified Sif Muna's Tome of Battle Magic
  6637 | Lair:3   | Reached skill level 10 in Long Blades
  6644 | Lair:3   | Reached skill level 11 in Fighting
  6654 | Lair:3   | Noticed Grum
  6656 | Lair:3   | Killed Grum
  6836 | Lair:3   | Found a staircase to the Snake Pit.
  6848 | Lair:3   | Found a corrupted altar of Lugonu.
  6849 | Lair:3   | Found a one-way gate to the infinite horrors of the Abyss.
  6890 | Snake:1  | Entered Level 1 of the Snake Pit
  6893 | Snake:1  | Reached skill level 1 in Evocations
  6897 | Snake:1  | Noticed a salamander
  6906 | Snake:1  | Noticed a naga warrior
  6907 | Snake:1  | Killed a salamander
  6907 | Snake:1  | Noticed a shock serpent
  6908 | Snake:1  | Noticed an anaconda
  6911 | Snake:1  | Noticed a naga mage
  6911 | Snake:1  | Noticed a naga ritualist
  6912 | Snake:1  | Gained mutation: You are highly resistant to hostile
                  | enchantments. (MR++) [Mana Stalker growth]
  6912 | Snake:1  | Reached XP level 12. HP: 77/80 MP: 14/14
  6914 | Snake:1  | Reached skill level 2 in Evocations
  7014 | Lair:4   | Noticed an anaconda
  7023 | Lair:4   | Killed an anaconda
  7025 | Lair:4   | Noticed Urug
  7040 | Lair:4   | Killed Urug
  7041 | Lair:4   | Reached skill level 11 in Long Blades
  7041 | Lair:4   | Reached skill level 4 in Armour
  7049 | Lair:4   | Noticed Snorg
  7051 | Lair:4   | HP: 9/80 [komodo dragon (11)]
  7084 | Lair:3   | Reached skill level 3 in Evocations
  7154 | Lair:4   | Noticed a queen ant
  7169 | Lair:4   | Killed a queen ant
  7218 | Lair:4   | Reached skill level 12 in Fighting
  7225 | Lair:4   | Reached skill level 4 in Evocations
  7247 | Lair:4   | Reached skill level 5 in Armour
  7276 | Lair:5   | Noticed Kirke
  7282 | Lair:5   | Noticed a sphinx
  7285 | Lair:5   | Killed Kirke
  7286 | Lair:5   | Reached skill level 5 in Evocations
  7286 | Lair:5   | Reached XP level 13. HP: 63/87 MP: 14/17
  7398 | Lair:6   | Entered Level 6 of the Lair of Beasts
  7406 | Lair:6   | Reached skill level 6 in Armour
  7412 | Lair:6   | Reached skill level 12 in Long Blades
  7428 | Lair:6   | Found a staircase to the Spriggan Forest.
  7672 | Lair:6   | Reached skill level 13 in Fighting
  7704 | Lair:6   | Reached skill level 7 in Armour
  7817 | Lair:6   | HP: 13/88 [blink frog (7)]
  7838 | Lair:6   | Reached XP level 14. HP: 31/94 MP: 18/18
  7890 | Lair:6   | Reached skill level 13 in Long Blades
  7930 | Lair:6   | Found a corrupted altar of Lugonu.
  8246 | Snake:1  | Reached skill level 14 in Fighting
  8256 | Snake:1  | HP: 14/96 [mana viper[a naga ritualist] (8)]
  8261 | Snake:1  | HP: 10/96 [poisoned by a naga ritualist]
  8266 | Snake:1  | HP: 10/96 [poisoned by a naga ritualist]
  8356 | Spider:1 | Entered Level 1 of the Spider Nest
  8400 | Spider:1 | HP: 14/96 [poisoned by a jumping spider]
  8405 | Spider:1 | HP: 14/96 [poisoned by a jumping spider]
  8410 | Spider:1 | HP: 14/96 [moth of wrath (1)]
  8411 | Spider:1 | Reached skill level 14 in Long Blades
  8566 | Spider:2 | Noticed Aizul
  8569 | Spider:2 | Killed Aizul
  8572 | Spider:2 | Noticed an entropy weaver
  8574 | Spider:2 | Killed an entropy weaver
  8584 | Spider:2 | Reached XP level 15. HP: 77/101 MP: 16/19
  8755 | Spider:3 | Entered Level 3 of the Spider Nest
  8787 | Spider:3 | Reached skill level 15 in Fighting
  8797 | Spider:3 | Reached skill level 8 in Armour
  8798 | Spider:3 | Noticed a ghost moth
  8802 | Spider:3 | Noticed an emperor scorpion
  8803 | Spider:3 | Killed a ghost moth
  8810 | Spider:3 | Killed an emperor scorpion
  8820 | Spider:3 | Noticed a ghost moth
  8821 | Spider:3 | Killed a ghost moth
  8835 | Spider:3 | Noticed Arachne
  8837 | Spider:3 | Killed Arachne
  8843 | Spider:3 | Killed a ghost moth
  8844 | Spider:3 | Reached skill level 15 in Long Blades
  8845 | Spider:3 | Noticed a ghost moth
  8846 | Spider:3 | Reached skill level 9 in Armour
  8847 | Spider:3 | Noticed a ghost moth
  8849 | Spider:3 | Killed a ghost moth
  8849 | Spider:3 | Killed a ghost moth
  8850 | Spider:3 | Noticed an emperor scorpion
  8859 | Spider:3 | Killed an emperor scorpion
  9082 | Spider:3 | Gained mutation: You are extremely resistant to the effects
                  | of hostile enchantments. (MR+++) [Mana Stalker growth]
  9082 | Spider:3 | Reached XP level 16. HP: 96/109 MP: 20/20
  9136 | Spider:3 | Got a gossamer rune of Zot
  9378 | Snake:1  | Noticed a nagaraja
  9418 | Snake:1  | Killed a nagaraja
  9419 | Snake:1  | Reached skill level 16 in Fighting
  9688 | Snake:2  | Noticed Vashnia
  9699 | Snake:2  | Killed Vashnia
  9747 | Snake:3  | Entered Level 3 of the Snake Pit
  9904 | Snake:3  | Noticed a nagaraja
  9909 | Snake:3  | Killed a nagaraja
  9932 | Snake:3  | Reached skill level 17 in Fighting
  9937 | Snake:3  | Found a bloodstained altar of Trog.
  9957 | Snake:3  | Noticed a nagaraja
  9971 | Snake:3  | Killed a nagaraja
  9990 | Snake:3  | Noticed a nagaraja
  9993 | Snake:3  | Killed a nagaraja
  9994 | Snake:3  | Reached skill level 1 in Shields
 10042 | Snake:3  | Reached skill level 2 in Shields
 10043 | Snake:3  | Reached XP level 17. HP: 49/118 MP: 17/21
 10051 | Snake:3  | Reached skill level 3 in Shields
 10061 | Snake:3  | Noticed Mara
 10063 | Snake:3  | Killed Mara
 10064 | Snake:3  | Reached skill level 16 in Long Blades
 10064 | Snake:3  | Reached skill level 4 in Shields
 10081 | Snake:3  | Reached skill level 5 in Shields
 10090 | Snake:3  | HP: 14/119 [naga warrior/+0 glaive (12)]
 10091 | Snake:3  | Noticed Saint Roka
 10092 | Snake:3  | HP: 4/119 [naga warrior/+0 glaive (8)]
 10194 | Snake:3  | HP: 16/119 [Saint Roka/+3 battleaxe (20)]
 10195 | Snake:3  | HP: 5/119 [orc warrior/+0 glaive[Saint Roka] (11)]
 10196 | Snake:3  | Killed from afar by Saint Roka

Skill      XL: |  1  2  3  4  5  6  7  8  9 10 11 12 13 14 15 16 17 |
---------------+----------------------------------------------------+-----
Fighting       | 3 4 5 7 9 10 11 12 13 14 15 17 | 17.8
Short Blades   | 3 4 |  4.2
Stealth        | 4 5 6 |  6.0
Long Blades    | 2 3 5 7 9 10 11 12 14 15 16 | 16.1
Armour         | 2 3 5 7 9 |  9.0
Dodging        | 5 6 |  6.0
Evocations     | 1 5 |  5.0
Shields        | 2 5 |  5.2
Invocations    | |  2.0

Action                   |  1- 3 |  4- 6 |  7- 9 | 10-12 | 13-15 | 16-18 || total
-------------------------+-------+-------+-------+-------+-------+-------++-------
Melee: Short sword       |   106 |   151 |       |       |       |       ||   257
       Bite              |    10 |    26 |    77 |   147 |   148 |    89 ||   497
       Falchion          |       |    49 |   286 |   364 |       |       ||   699
       Double sword      |       |       |       |   130 |   590 |   336 ||  1056
Invok: Heavenly Storm    |       |       |       |     7 |     8 |     8 ||    23
 Abil: Lunge             |       |    13 |    24 |    30 |    59 |    51 ||   177
       Whirlwind         |       |    21 |    68 |   344 |   398 |   189 ||  1020
       Serpent's Lash    |       |     2 |     3 |    19 |    29 |    19 ||    72
       Wall Jump         |       |       |       |       |     1 |     2 ||     3
Evoke: Wand              |       |       |       |     5 |     6 |     1 ||    12
  Use: Scroll            |     1 |     4 |     9 |    11 |     1 |       ||    26
       Potion            |       |       |       |       |     1 |       ||     1
 Stab: Sleeping          |     8 |     8 |     6 |       |       |       ||    22
       Paralysed         |       |       |       |     5 |       |     2 ||     7
       Distracted        |       |       |       |     1 |     1 |       ||     2
  Eat: Chunk             |     3 |    12 |    14 |    12 |    20 |     1 ||    62
       Ration            |       |       |     1 |     2 |     1 |     3 ||     7
Armor: Robe              |    14 |    24 |       |       |       |       ||    38
       Scale mail        |       |    23 |    67 |    62 |       |       ||   152
       Plate armour      |       |       |       |    61 |   188 |    85 ||   334
Dodge: Dodged            |    55 |    85 |   105 |   142 |   117 |    47 ||   551
Block: Other             |       |       |    14 |    59 |    52 |    37 ||   162

Levels and vault maps discovered:
D:1:      ebering_trefoil_twist, layout_rooms, minmay_pentomino_q2
D:2:      layout_rooms, first_ration, grunt_decor_clamped, grunt_gozag_statues
D:3:      minmay_skewed_foursquare, layout_loops_ring, old_standard_altar
D:4:      layout_loops_ring, dk_yredelemnul_ordeal
D:5:      layout_cave_pools, nemelex_xobeh_ov_fountains_minmay,
          serial_gnoll_camp, gnoll_camp_mini_shop, gnoll_camp_mini_doghouse,
          gnoll_camp_mini_house, gnoll_camp_mini_hut
D:6:      layout_loops_ring, nicolae_overflow_hidden_temple,
          lemuel_temple_firewalk_a, serial_shops, kennysheep_little_box,
          xom_teletrap_fun
D:7:      layout_loops_corners, grunt_livestock
D:8:      layout_basic, erik_lair_orcish_takeover
Lair:1:   beast_lair_carwin_large_2, layout_regular_city, st_stairs_6,
          cheibrodos_lair_reptile_den, lemuel_fruit_fields, serial_bayou_shore_b
Lair:2:   layout_gridlike, spider_nest_entry_a
Lair:3:   beast_lair_carwin_large_4, layout_misc_corridors,
          minmay_snake_entry_guardpost_medium, amcnicky_altar_lugonu_corruption,
          uniq_grum
Lair:4:   layout_layer_cave, basic_altar, minmay_another_anthill,
          grunt_megastairs_2, uniq_snorg, uniq_urug
Lair:5:   layout_concentric_octagons, uniq_kirke
Lair:6:   hellmonk_lair_end_abyssal_woods, layout_loops_ring,
          grunt_forest_entry_basic, serial_bayou_shore_a, serial_bayou_shore_b,
          minmay_lair_oklob_chamber
Snake:1:  layout_onion, nicolae_snake_snakes_in_the_grass
Snake:2:  layout_basic, serial_shops, shop, uniq_vashnia
Snake:3:  minmay_snake_end_coiled, layout_gridlike, basic_altar, st_stairs_8,
          serial_bayou_shore_b, uniq_saint_roka, uniq_mara
Spider:1: layout_spider_delve, guppyfry_spider_mini_2
Spider:2: layout_spider_delve, hive_lemuel, uniq_aizul
Spider:3: johnstein_spider_rune_arachne_lair

Table legend:
 A = Turns spent in this place as a percentage of turns spent in the entire game.
 B = Non-inter-level travel turns spent in this place as a percentage of non-inter-level travel turns spent in the entire game.
 C = Inter-level travel turns spent in this place as a percentage of turns spent in this place.
 D = Turns resting spent in this place as a percentage of non-inter-level travel turns spent in this place.
 E = Turns spent auto-exploring this place as a percentage of non-inter-level travel turns spent in this place.
 F = Non-inter-level travel turns spent in this place divided by the number of levels of this place that you've seen.
                   A       B       C       D       E      F
               +-------+-------+-------+-------+-------+----------------------
         Total | 100.0 | 100.0 |   7.7 |   8.1 |  34.8 | 470.4
       Dungeon |  58.5 |  59.8 |   5.8 |   6.0 |  57.7 | 702.6
          Lair |  24.0 |  22.9 |  12.2 |   8.5 |   0.7 | 359.0
     Snake Pit |   9.4 |  10.2 |   0.0 |  19.4 |   0.0 | 320.3
   Spider Nest |   8.0 |   7.1 |  17.7 |   8.2 |   1.3 | 223.7
               +-------+-------+-------+-------+-------+----------------------

Table legend:
 A = Kills in this place as a percentage of kills in entire the game.
 B = Kills by you in this place as a percentage of kills by you in the entire game.
 C = Kills by friends in this place as a percentage of kills by friends in the entire game.
 D = Other kills in this place as a percentage of other kills in the entire game.
 E = Experience gained in this place as a percentage of experience gained in the entire game.
 F = Experience gained in this place divided by the number of levels of this place that you have seen.
                   A       B       C       D       E      F
               +-------+-------+-------+-------+-------+----------------------
         Total | 100.0 | 100.0 |   N/A | 100.0 | 100.0 | 10238.5
       Dungeon |  28.0 |  28.0 |   N/A |   0.0 |   3.0 | 773.4
          Lair |  29.7 |  29.8 |   N/A |   0.0 |  26.2 | 8951.8
     Snake Pit |  20.2 |  20.1 |   N/A | 100.0 |  39.9 | 27216.3
   Spider Nest |  22.1 |  22.1 |   N/A |   0.0 |  30.9 | 21074.0
               +-------+-------+-------+-------+-------+----------------------
